 Dungeon Crawl Stone Soup version 0.27-a0-423-gf312af23e9 (webtiles) character file.

Game seed: 7869169062554214050

5 jasper the Stinger (level 1, 0/13 HPs)
             Began as a Demonspawn Venom Mage on Feb 26, 2021.
             Slain by a hobgoblin (5 damage)
             ... on level 1 of the Dungeon.
             The game lasted 00:00:29 (296 turns).

jasper the Stinger (Demonspawn Venom Mage)           Turns: 296, Time: 00:00:29

Health: 0/13       AC:  2    Str:  8    XL:     1   Next: 66%
Magic:  1/3        EV: 12    Int: 16    God:
Gold:   0          SH:  0    Dex: 13    Spells: 3/4 levels left

rFire    . . .     SeeInvis .   e - +0 dagger (elec)
rCold    . . .     Faith    .   (no shield)
rNeg     . . .     Spirit   .   a - +0 robe
rPois    .         Reflect  .   (no helmet)
rElec    .         Harm     .   (no cloak)
rCorr    .         Rampage  .   (no gloves)
Will     .....                  (no boots)
Stlth    ++........             (no amulet)
HPRegen  0.04/turn              (no ring)
MPRegen  0.08/turn              (no ring)

@: hasted, very quick
A: no striking features
a: no special abilities


You were on level 1 of the Dungeon.
You visited 1 branch of the dungeon, and saw 1 of its levels.

Inventory:

Hand Weapons
 e - a +0 dagger of electrocution (weapon)
Missiles
 d - 26 stones
Armour
 a - a +0 robe (worn)
Scrolls
 c - a scroll of identify {unknown}
 f - a scroll of teleportation {unknown}


   Skills:
 - Level 1.7 Dodging
 - Level 1.7 Stealth
 - Level 2.0 Spellcasting
 - Level 0.8 Transmutations
 + Level 3.4 Poison Magic


You had 3 spell levels left.
You knew the following spells:

 Your Spells              Type           Power        Failure   Level
a - Sting                 Tmut/Pois      32%          9%          1

Your spell library contained the following spells:

 Spells                   Type           Power        Failure   Level
 Poisonous Vapours        Pois/Air       14%          16%         2
 Ignite Poison            Fire/Tmut/Pois 6%           34%         3
 Mephitic Cloud           Conj/Pois/Air  5%           36%         3
 Olgreb's Toxic Radiance  Pois           12%          45%         4


Dungeon Overview and Level Annotations

Branches:
Dungeon (1/15)

Altars:


Message History

You hit the bat.
The bat is moderately wounded.
The bat barely misses you. The kobold hits you with a +0 dagger.
You take 1 damage, and have 9/13 hp.
You are too injured to fight recklessly!
Aiming: Sting (safe; 9% risk of failure)
Press: ? - help, Q - select action, (/) - cycle Shift-Dir - straight line, f - kobold
Aim: a kobold, wielding a +0 dagger and quivering stones (40% to evade)
The sting misses the kobold.
The bat barely misses you. The kobold hits you but does no damage.
The bat barely misses you.
You now have 2/3 mp.
Aiming: Sting (safe; 9% risk of failure)
Press: ? - help, Q - select action, (/) - cycle Shift-Dir - straight line, f/p - kobold
Aim: a kobold, wielding a +0 dagger and quivering stones (40% to evade)
You miscast Sting.
You are very lightly contaminated with residual magic.
Nothing appears to happen.
The bat hits you but does no damage. The kobold barely misses you.
You now have 1/3 mp.
Aiming: Sting (safe; 9% risk of failure)
Press: ? - help, Q - select action, (/) - cycle Shift-Dir - straight line, f/p - kobold
Aim: a kobold, wielding a +0 dagger and quivering stones (40% to evade)
The sting hits the kobold.
The kobold is poisoned.
You kill the kobold!
The bat barely misses you.
You now have 0/3 mp.
The bat closely misses you. The bat barely misses you. The bat misses you.
The bat hits you but does no damage. The hobgoblin hits you.
Your magical contamination has completely faded away.
You take 3 damage, and have 6/13 hp.
MASSIVE DAMAGE!!
The bat barely misses you. The bat hits you.
You take 1 damage, and have 5/13 hp.
It was a potion of haste.
You feel yourself speed up.
You hit the hobgoblin but do no damage. The hobgoblin barely misses you.
You closely miss the hobgoblin. The hobgoblin hits you.
You die...

#.# #..........#...........#
#.###..........#...........#
...............'.....†.....#
#...#..........####'########
....#..........# #.##
....##+###'##### #..#
...........# ##.############
...####.############.##...?.....#
...# #.#.......@g....+.........#
...# #.#.###########.#.........#
...# #.#.# #.........!.#
...####.#.############..........#
.........................>......#
#.......#+#####.......#........!#
######.......# .......#......[...
...........#.# .......#....).....
#.##.........# ..(....##..#......


You could see a hobgoblin.

Vanquished Creatures
  2 bats (D:1)
  A hobgoblin (D:1)
  A kobold (D:1)
  A rat (D:1)
5 creatures vanquished.

Notes
Turn   | Place    | Note
-------+----------+-------------------------------------------
     0 | D:1      | jasper the Demonspawn Venom Mage began the quest for the
                  | Orb.
     0 | D:1      | Reached XP level 1. HP: 13/13 MP: 3/3
   296 | D:1      | Slain by a hobgoblin

Illustrated notes

Levels and vault maps discovered:
D:1:      amcnicky_arrival_double_pillar, layout_basic

Action                   || total
-------------------------++-------
Melee: Dagger            ||     8
       Unarmed           ||     1
 Cast: Sting             ||     8
  Use: Potion            ||     1
Armor: Robe              ||    10
Dodge: Dodged            ||    18

Table legend: (Time is in decaauts)
 A = Elapsed time spent in this place.
 B = Non-inter-level travel time spent in this place.
 C = Inter-level travel time spent in this place.
 D = Time resting spent in this place.
 E = Time spent auto-exploring this place.
 F = Levels seen in this place.
 G = Mean time per level.
                   A        B        C        D        E       F      G
               +--------+--------+--------+--------+--------+-----+--------+
         Total |    295 |    295 |      0 |      3 |    234 |   1 |  295.0 |
       Dungeon |    295 |    295 |      0 |      3 |    234 |   1 |  295.0 |
               +--------+--------+--------+--------+--------+-----+--------+

Top non-repeatable levels by time:
     D:1: 295 daAuts
